 Dungeon Crawl Stone Soup version 0.30.0-13-g156ef70053 (webtiles) character file.

Game seed: 3492508693010733601

42 SnakkuSnakku7 the Trooper (level 3, 0/23 HPs)
             Began as a Tengu Hexslinger on May 17, 2023.
             Succumbed to an adder's poison
             ... on level 2 of the Dungeon.
             The game lasted 00:01:44 (826 turns).

SnakkuSnakku7 the Trooper (Tengu Hexslinger)         Turns: 826, Time: 00:01:45

Health: 0/23       AC:  2    Str: 12    XL:     3   Next: 54%
Magic:  5/5        EV: 12    Int: 13    God:
Gold:   55         SH:  0    Dex: 14    Spells: 3/4 levels left

rFire   . . .        a - +1 sling
rCold   . . .        e - orb {*Rage}
rNeg    . . .        c - +0 robe
rPois   .            (helmet restricted)
rElec   .            (no cloak)
rCorr   .            (no gloves)
SInv    .            (boots unavailable)
Will    .....        (no amulet)
Stlth   +            (no ring)
HPRegen 0.23/turn    (no ring)
MPRegen 0.09/turn

%: random rage (20%)
@: lethally poisoned (0 -> -3)
A: beak, talons 3
a: no special abilities


You were on level 2 of the Dungeon.
You visited 1 branch of the dungeon, and saw 2 of its levels.

You collected 55 gold pieces.

Inventory:

Hand Weapons
 a - a +1 sling (weapon)
Missiles
 f - 3 poisoned darts
Armour
 c - a +0 robe (worn)
 e - an orb of wrath (worn)
Scrolls
 b - 2 scrolls of poison
 i - a scroll of vulnerability {unknown}
 j - a scroll of identify {unknown}
Potions
 d - a potion of heal wounds {unknown}
 g - a potion of invisibility {unknown}
 h - a potion of curing {unknown}


   Skills:
 + Level 3.0 Fighting
 - Level 2.1 Ranged Weapons
 + Level 1.0 Throwing
 - Level 2.1 Dodging
 - Level 1.0 Spellcasting
 - Level 2.1 Hexes


You had 3 spell levels left.
You knew the following spells:

 Your Spells              Type           Power      Damage    Failure   Level
a - Slow                  Hex            24%        N/A       12%         1

Your spell library contained the following spells:

 Spells                   Type           Power      Damage    Failure   Level
 Lesser Beckoning         Tloc           0%         N/A       38%         2
 Inner Flame              Hex/Fire       3%         N/A       47%         3
 Portal Projectile        Hex/Tloc       6%         N/A       47%         3
 Gell's Gravitas          Tloc           0%         N/A       63%         3
 Teleport Other           Tloc           0%         N/A       63%         3
 Cause Fear               Hex            3%         N/A       75%         4


Dungeon Overview and Level Annotations

Branches:
Dungeon (2/15)

Altars:


Innate Abilities, Weirdness & Mutations

You have a beak for a mouth.
You have claws for feet.


Message History

You shoot a sling bullet.
The sling bullet barely misses the adder.
The adder barely misses you.
You shoot a sling bullet. The sling bullet hits the adder.
The adder is moderately wounded.
The adder barely misses you. The adder closely misses you.
You shoot a sling bullet.
The sling bullet closely misses the adder.
The adder closely misses you.
You shoot a sling bullet.
The sling bullet barely misses the adder.
The adder barely misses you. The adder bites you.
You are poisoned.
The adder poisons you!
You shoot a sling bullet.
The sling bullet closely misses the adder.
You feel sick. The adder bites you but does no damage.
You shoot a sling bullet.
The sling bullet barely misses the adder.
You feel sick. The adder bites you. x2
You shoot a sling bullet. The sling bullet hits the adder.
The adder is heavily wounded.
You feel sick. The adder bites you.
You are more poisoned.
The adder poisons you! The adder closely misses you.
You are too injured to fight recklessly!
You are too injured to fight recklessly!
You are too injured to fight recklessly!
Unknown command.
You shoot a sling bullet. The sling bullet misses the adder.
You feel sick. The adder closely misses you.
You shoot a sling bullet. The sling bullet misses the adder.
* * * LOW HITPOINT WARNING * * *
You feel sick. The adder bites you.
* * * LOW HITPOINT WARNING * * *
The adder bites you.
* * * LOW HITPOINT WARNING * * *
You shoot a sling bullet.
The sling bullet barely misses the adder.
You die...

.# #.## ##
...# #. ...
####.###..
#.......#
#.$.?...#
#....@S<#
#.........#
#.......###
#.......#
#.......#
#.#..####
#.#.# # #.


You could see an adder.

Vanquished Creatures
  4 endoplasms (D:1)
  5 giant cockroaches (D:1)
  11 goblins (D:1)
  5 kobolds (D:1)
  4 quokkas
  A ball python (D:1)
  2 bats (D:1)
  2 rats (D:1)
34 creatures vanquished.

Notes
Turn   | Place    | Note
-------+----------+-------------------------------------------
     0 | D:1      | SnakkuSnakku7 the Tengu Hexslinger began the quest for the
                  | Orb.
     0 | D:1      | Reached XP level 1. HP: 12/12 MP: 3/3
   124 | D:1      | Reached skill level 2 in Fighting
   124 | D:1      | Reached XP level 2. HP: 17/17 MP: 4/4
   324 | D:1      | Reached XP level 3. HP: 22/22 MP: 5/5
   472 | D:1      | Reached skill level 3 in Fighting
   668 | D:1      | Reached skill level 1 in Throwing
   825 | D:2      | HP: 1/23 [adder (1)]
   826 | D:2      | Succumbed to an adder's poison

Illustrated notes

Levels and vault maps discovered:
D:1:      lemuel_arrival_hallway, layout_basic, reono_crystal_passage
D:2:      layout_loops_ring, serial_glass, glass_columns_c, glass_columns_a,
          uniq_terence, uniq_jessica

Skill      XL: |  1  2  3 |
---------------+----------+-----
Fighting       | 2 3 |  3.0
Throwing       | 1 |  1.0
Ranged Weapons | |  2.1
Dodging        | |  2.1
Spellcasting   | |  1.0
Hexes          | |  2.1

Action                     || total
---------------------------++-------
   Fire: Sling             ||   128
 Armour: Robe              ||     9
  Dodge: Dodged            ||    45
